 Dungeon Crawl Stone Soup version 0.28.0-53-g5a82cb258f (console) character file.

Game seed: 11276745839626646474

81692 erker the Alchemist (level 15, -4/94 HPs)
             Began as an Octopode Earth Elementalist on July 16, 2022.
             Was an Initiate of Gozag.
             Slain by a meliai
             ... wielding a +0 broad axe
              (8 damage)
             ... on level 1 of the Spider Nest on July 17, 2022.
             The game lasted 04:27:31 (28787 turns).

erker the Alchemist (Octopode Earth Elementalist)  Turns: 28787, Time: 04:27:31

Health: -4/94      AC:  3    Str: 14    XL:     15   Next: 71%
Magic:  21/36      EV: 16    Int: 43    God:    Gozag
Gold:   1311       SH:  0    Dex: 13    Spells: 12/31 levels left

rFire   + . .      SeeInvis +   b - +9 rapier "Ypagea" {pain, +Blink rPois}
rCold   x . .      Faith    .   W - orb {guile}
rNeg    . . .      Spirit   .   S - +2 hood of the Assassin {Detection Stab+ Stlth++}
rPois   +          Reflect  .   e - amulet of regeneration
rElec   .          Harm     .   j - ring "Waofac" {rPois rC- Will- Str+6 Int+10}
rCorr   .          Rampage  .   y - +6 ring of intelligence
Will    .....                   G - ring of magical power
Stlth   ++++++++..              T - ring "Lienuoho" {rF+ Will++ Int+3 Slay+5}
HPRegen 1.05/turn               Z - ring of see invisible
MPRegen 0.25/turn               l - ring of wizardry
                                (no ring)
                                (no ring)

@: lethally poisoned (-4 -> -11)
A: almost no armour, amphibious, 8 rings, camouflage 1, gelatinous body 1,
(nimble swimmer 1), tentacles
a: Renounce Religion, Evoke Blink, Potion Petition, Call Merchant, Bribe Branch


You were on level 1 of the Spider Nest.
You worshipped Gozag.
Gozag was most pleased with you.
You visited 5 branches of the dungeon, and saw 25 of its levels.
You visited 1 bazaar.
You also visited: Gauntlet.

You collected 6708 gold pieces.
You spent 2760 gold pieces at shops.
You paid 2637 gold pieces to Gozag.

Inventory:

Hand Weapons
 a - a +3 dagger of venom
 b - the +9 rapier "Ypagea" (weapon) {pain, +Blink rPois}
   (You found it on level 14 of the Dungeon)

   In the hands of one skilled in necromantic magic, it inflicts extra damage on
   living creatures.
   rPois:     It protects you from poison.
   +Blink:    It lets you blink.
 i - a +2 vampiric dagger
 O - a +5 rapier of electrocution
Missiles
 g - 5 boomerangs
 k - 6 poisoned darts (quivered)
 o - 4 throwing nets
 B - 353 stones
 Q - 6 curare-tipped darts
Armour
 S - the +2 hood of the Assassin (worn) {Detection Stab+ Stlth++}
   (You acquired it on level 2 of the Orcish Mines)

   It allows the wearer to sense nearby creatures.
   It allows the wearer to make particularly effective stabbing attacks against
   helpless or unaware enemies with any weapon.
   Stlth:     It makes you much more stealthy.
 W - an orb of guile (worn)
Magical Staves
 F - a staff of conjuration
Jewellery
 e - an amulet of regeneration (around mantle)
 j - the ring "Waofac" (left tentacle) {rPois rC- Will- Str+6 Int+10}
   (You found it on level 4 of the Dungeon)

   [ring of strength]

   Str:       It affects your strength (+6).
   Int:       It affects your intelligence (+10).
   rC:        It makes you vulnerable to cold.
   rPois:     It protects you from poison.
   Will:      It decreases your willpower.
 l - a ring of wizardry (on tentacle)
 w - an amulet of magic regeneration
 y - a +6 ring of intelligence (right tentacle)
 C - a ring of ice
 G - a ring of magical power (on tentacle)
 T - the ring "Lienuoho" (on tentacle) {rF+ Will++ Int+3 Slay+5}
   (You bought it in a shop on level 6 of the Lair of Beasts)

   [ring of protection from fire]

   Int:       It affects your intelligence (+3).
   Slay:      It affects your accuracy & damage with ranged weapons and melee
   (+5).
   rF:        It protects you from fire.
   Will:      It greatly increases your willpower.
 Z - a ring of see invisible (on tentacle)
Wands
 t - a wand of acid (4)
 v - a wand of digging (11)
 E - a wand of paralysis (26)
 N - a wand of mindburst (19)
 Y - a wand of iceblast (6)
Scrolls
 c - 5 scrolls of amnesia
 d - 3 scrolls of fear
 f - 2 scrolls of silence
 h - 4 scrolls of magic mapping
 m - 8 scrolls of teleportation
 n - 4 scrolls of enchant armour
 s - 5 scrolls of fog
 u - 2 scrolls of blinking
 z - 3 scrolls of vulnerability
 J - a scroll of identify
 U - 2 scrolls of summoning
 V - 2 scrolls of holy word
Potions
 p - 4 potions of brilliance
 q - 13 potions of curing
 r - 2 potions of magic
 x - 2 potions of might
 A - a potion of flight
 D - 2 potions of mutation
 H - 5 potions of heal wounds
 I - 2 potions of lignification
 K - 2 potions of berserk rage
 M - a potion of haste
 P - 2 potions of invisibility
 R - 6 potions of attraction
Miscellaneous
 L - a condenser vane (inert)


   Skills:
 - Level 6.0 Fighting
 + Level 4.8 Short Blades
 - Level 8.0 Dodging
 + Level 10.8 Stealth
 - Level 3.5 Unarmed Combat
 + Level 8.7 Spellcasting
 - Level 4.0 Conjurations
 - Level 8.0 Summonings
 - Level 2.0 Necromancy
 - Level 6.0 Translocations
 - Level 16.0 Transmutations
 - Level 4.0 Fire Magic
 - Level 10.0 Earth Magic
 - Level 4.0 Poison Magic
 - Level 3.7 Evocations


You had 12 spell levels left.
You knew the following spells:

 Your Spells              Type           Power      Damage    Failure   Level
a - Sandblast             Erth           100%       2d20      1%          1
b - Blink                 Tloc           100%       N/A       1%          2
d - Call Canine Familiar  Summ           73%        N/A       1%          3
m - Mephitic Cloud        Conj/Pois/Air  41%        N/A       1%          3
n - Ignite Poison         Fire/Tmut/Pois 73%        N/A       1%          3
p - Petrify               Tmut/Erth      92%        N/A       1%          4
w - Passwall              Tmut/Erth      76%        N/A       0%          2
x - Apportation           Tloc           100%       N/A       1%          1

Your spell library contained the following spells:

 Spells                   Type           Power      Damage    Failure   Level
 Animate Skeleton         Necr           72%        N/A       1%          1
 Freeze                   Ice            72%        1d9       1%          1
 Magic Dart               Conj           100%       1d8       1%          1
 Summon Small Mammal      Summ           100%       N/A       1%          1
 Call Imp                 Summ           73%        N/A       1%          2
 Corpse Rot               Necr/Air       54%        N/A       1%          2
 Static Discharge         Conj/Air       36%        N/A       1%          2
 Conjure Flame            Conj/Fire      52%        6-21      1%          3
 Frozen Ramparts          Ice            36%        1d5       1%          3
 Lesser Beckoning         Tloc           63%        N/A       1%          3
 Stone Arrow              Conj/Erth      100%       3d13      1%          3
 Summon Guardian Golem    Hex/Summ       52%        N/A       1%          3
 Sticky Flame             Conj/Fire      52%        2d7       1%          4
 Manifold Assault         Tloc           63%        N/A       1%          5
 Dispel Undead            Necr           36%        3d15      2%          4
 Hailstorm                Conj/Ice       36%        3d9       2%          4
 Death Channel            Necr           18%        N/A       38%         6


Dungeon Overview and Level Annotations

Branches:
Dungeon (15/15)            Temple (0/1) D:7            Lair (6/6) D:9
 Shoals (0/4) Lair:3       Spider (1/4) Lair:4        Slime (0/5) Lair:5
    Orc (2/2) D:11            Elf (0/3) Orc:2        Depths (1/4) D:15
Gauntlet (visited)
 Vaults: D:13-14

Altars:
Fedhas
Gozag
Makhleb
Ru
Sif Muna
Vehumet
Wu Jian
Xom
The Shining One
Beogh
Jiyva

Shops:
D:4 [   D:15 **   Orc:2 :([?   Lair:6 =!*

Portals:
Abyss: Depths:1

Annotations:
D:2 1 runed translucent door, Crazy Yiuf
D:4 exclusion: oklob plant
D:9 exclusion: door
D:12 exclusion: gargoyle
Lair:4 2 transporters
Lair:6 exclusion: obsidian statue


Innate Abilities, Weirdness & Mutations

You cannot wear most types of armour.
You are amphibious.
You can wear up to eight rings at the same time.
Your skin changes colour to match your surroundings (Stealth+).
Your rubbery body absorbs attacks. (AC +1, EV +1)
((You are camouflaged when in or above water. (Stealth+)))
You have tentacles for arms and can constrict up to eight enemies at once.


Message History

The meliai hits you with a +0 broad axe.
* * * LOW HITPOINT WARNING * * *
The meliai hits your warg with a +0 broad axe.
The meliai stings you but does no damage.
The meliai misses you. The meliai stings you!
* * * LOW HITPOINT WARNING * * *
You are poisoned.
The meliai poisons you!
The meliai hits you with a +0 broad axe!
* * * LOW HITPOINT WARNING * * *
The meliai closely misses your warg. The meliai stings you.
* * * LOW HITPOINT WARNING * * *
The meliai closely misses you.
The meliai stings you but does no damage.
You feel much better.
You feel very sick. The meliai closely misses you.
The meliai barely misses your warg. The meliai closely misses you.
The meliai completely misses you. The meliai barely misses your warg.
The meliai stings you.
* * * LOW HITPOINT WARNING * * *
The meliai hits you with a +0 hand axe.
* * * LOW HITPOINT WARNING * * *
The meliai closely misses you. The meliai completely misses you.
The meliai hits your warg with a +0 broad axe!
The meliai stings you!
* * * LOW HITPOINT WARNING * * *
Your warg bites the meliai.
The meliai misses you. The meliai closely misses you.
You feel much better.
You feel very sick.
The meliai stops moving altogether!
The meliai barely misses you.
The meliai hits your warg with a +0 broad axe!
The meliai stings you but does no damage.
The meliai invokes the aid of its god against you.
Something smites you!
* * * LOW HITPOINT WARNING * * *
Your warg bites the meliai.
The meliai hits you with a +0 broad axe!
You die...
Your body crumbles into a pile of gold.

.................
...^..............
..................
...............^.......#
...................^...#
......................##
..................y....##
................y.h.^...#
...........>....@y..###.#
....................## ##
#..........[.........#
#....................##
.>....................#
......................#
....................###
...#.................#
...#.................#


You could see 3 meliai and a friendly warg (summoned).

Vanquished Creatures
  Jorgrun (D:15)
  A fire giant (Depths:1)
  5 dire elephants
  A great orb of eyes (Depths:1)
  Josephine (Orc:2)
  5 boulder beetles
  Harold (Lair:2)
  Fannar (Lair:3)
  A hydra (D:9)
  A catoblepas (Lair:4)
  5 two-headed ogres
  2 centaur warriors (D:15)
  3 tengu warriors
  2 death yaks (Lair:5)
  A soul eater (Depths:1)
  A spectral death yak (Lair:6)
  4 skeletal warriors (D:12)
  A spectral anaconda (Lair:6)
  2 orb spiders (Spider:1)
  2 lindwurms (Lair:1)
  3 necromancers (Lair:6)
  2 orc sorcerers (Orc:2)
  A deep elf pyromancer (D:14)
  4 cyclopes
  4 ugly things (D:15)
  3 salamanders
  3 manticores
  7 elephants
  A smoke demon (Depths:1)
  2 black mambas
  15 cane toads
  A dire elephant skeleton (Lair:6)
  An unseen horror (D:12)
  5 komodo dragons
  A tengu conjurer (D:13)
  3 meliai (D:14)
  A troll (shapeshifter) (D:15)
  5 trolls
  3 polar bears
  23 blink frogs
  8 slime creatures
  Sigmund (D:6)
  56 yaks
  4 wraiths (Orc:2)
  2 wyverns
  3 basilisks
  2 steam dragons
  A vampire (D:10)
  Eustachio (D:6)
  5 vampire mosquitoes
  A death yak simulacrum (Lair:6)
  5 wargs
  A spectral cane toad (Lair:6)
  An acid dragon (D:14)
  8 water moccasins
  2 black bears (Lair:1)
  2 ice beasts
  A sky beast (D:3)
  20 orc warriors
  A black bear (shapeshifter) (D:15)
  13 wolves
  4 ogres
  3 boggarts (D:15)
  8 centaurs
  A phantom (D:5)
  A wyvern zombie (D:8)
  12 bullfrogs
  2 scorpions (Lair:4)
  A water moccasin zombie (D:5)
  4 killer bees (D:9)
  An elephant simulacrum (Lair:6)
  2 howler monkeys (D:5)
  6 centaur zombies
  15 orc priests
  2 hounds
  A jelly (D:5)
  A bullfrog skeleton (D:6)
  A gnoll shaman (D:4)
  10 iguanas
  17 orc wizards
  A hound skeleton (D:5)
  A hound zombie (D:5)
  Robin (D:1)
  A howler monkey zombie (D:9)
  13 gnolls
  7 adders
  2 white imps
  An adder skeleton (D:4)
  3 worms
  55 orcs
  5 bats
  5 endoplasms
  8 giant cockroaches
  9 goblins
  15 hobgoblins
  2 kobolds (D:1)
  5 quokkas
  6 ball pythons
  7 frilled lizards
  8 rats
514 creatures vanquished.

Vanquished Creatures (collateral kills)
  Saint Roka (Orc:2)
  2 hydras
  A centaur warrior (D:14)
  A catoblepas (Lair:2)
  A two-headed ogre (D:13)
  A manticore (D:15)
  A cyclops (D:13)
  A demonic crawler (Lair:4)
  A blink frog (Lair:4)
  A wraith (Orc:2)
  12 yaks
  A basilisk (D:11)
  2 redbacks (Spider:1)
  3 vampire mosquitoes
  A water moccasin (Lair:1)
  4 orc warriors (Orc:2)
  3 wolves
  A centaur (D:14)
  A bullfrog (Lair:4)
  2 orc priests (Orc:2)
  10 orc wizards
  2 worms (Lair:4)
  13 orcs
  2 giant cockroaches (Lair:4)
68 creatures vanquished.

Vanquished Creatures (others)
  A giant cockroach (Lair:4)
  26 fungi
  42 plants
  28 withered plants
97 creatures vanquished.

Grand Total: 679 creatures vanquished

Notes
Turn   | Place    | Note
-------+----------+-------------------------------------------
     0 | D:1      | erker the Octopode Earth Elementalist began the quest for
                  | the Orb.
     0 | D:1      | Reached XP level 1. HP: 11/11 MP: 3/3
   267 | D:1      | Found a faded altar of an unknown god.
   276 | D:1      | Reached XP level 2. HP: 17/17 MP: 5/5
   279 | D:1      | Learned a level 2 spell: Passwall
   813 | D:1      | Reached XP level 3. HP: 20/21 MP: 4/6
   882 | D:1      | Reached skill level 1 in Short Blades
  1079 | D:1      | Learned a level 2 spell: Blink
  1232 | D:2      | Found a runed translucent door.
  1233 | D:2      | Noticed Crazy Yiuf
  1264 | D:2      | Noticed Robin
  1291 | D:1      | Killed Robin
  1292 | D:1      | Reached skill level 1 in Translocations
  1292 | D:1      | Reached XP level 4. HP: 19/27 MP: 1/7
  1812 | D:3      | Reached XP level 5. HP: 31/31 MP: 8/8
  2022 | D:3      | Found an opulent altar of Gozag.
  2029 | D:3      | Became a worshipper of Gozag Ym Sagoz the Greedy
  2041 | D:3      | Reached skill level 2 in Transmutations
  2168 | D:3      | Noticed a sky beast
  2204 | D:3      | Reached skill level 3 in Transmutations
  2389 | D:3      | Reached XP level 6. HP: 32/36 MP: 9/9
  2963 | D:3      | Killed a sky beast
  2964 | D:3      | Reached skill level 4 in Transmutations
  3160 | D:4      | Identified the ring "Waofac" {rPois rC- Will- Str+6 Int+10}
  3180 | D:4      | Learned a level 4 spell: Petrify
  3201 | D:4      | Found Cyr Poch's Antique Armour Emporium.
  3316 | D:4      | Reached skill level 5 in Earth Magic
  3376 | D:4      | Found a blossoming altar of Fedhas.
  3388 | D:4      | Noticed an oklob plant
  3552 | D:4      | Reached XP level 7. HP: 41/41 MP: 7/10
  3963 | D:4      | Found a shimmering altar of Xom.
  3969 | D:4      | Found a glowing golden altar of the Shining One.
  3970 | D:4      | Found a sacrificial altar of Ru.
  3971 | D:4      | Found an ornate altar of the Wu Jian Council.
  3972 | D:4      | Found a shimmering blue altar of Sif Muna.
  3974 | D:4      | Found a radiant altar of Vehumet.
  4230 | D:5      | Entered Level 5 of the Dungeon
  4645 | D:5      | Reached skill level 5 in Transmutations
  4745 | D:5      | Reached XP level 8. HP: 46/46 MP: 7/11
  4753 | D:5      | Reached skill level 6 in Transmutations
  5466 | D:6      | Noticed Sigmund
  5532 | D:6      | Killed Sigmund
  5686 | D:6      | Noticed Eustachio
  5802 | D:5      | Reached skill level 5 in Stealth
  6041 | D:6      | Killed Eustachio
  6042 | D:6      | Reached XP level 9. HP: 51/51 MP: 6/12
  6389 | D:7      | Reached skill level 7 in Transmutations
  6489 | D:7      | Reached skill level 8 in Transmutations
  6816 | D:7      | Found a burning altar of Makhleb.
  6881 | D:7      | Found a staircase to the Ecumenical Temple.
  7027 | D:7      | Learned a level 3 spell: Call Canine Familiar
  7178 | D:8      | Reached skill level 1 in Summonings
  7214 | D:8      | Reached skill level 9 in Transmutations
  7214 | D:8      | Reached XP level 10. HP: 56/56 MP: 14/16
  7391 | D:8      | Noticed a two-headed ogre
  7405 | D:8      | Killed a two-headed ogre
  7514 | D:8      | Found Fuam's Antique Armour Emporium.
  7753 | D:9      | Reached skill level 10 in Transmutations
  8051 | D:9      | Identified the +1 robe "Hoithaugg" {Archmagi}
  8056 | D:9      | Noticed a boulder beetle
  8067 | D:9      | Killed a boulder beetle
  8078 | D:9      | Noticed a boulder beetle
  8092 | D:9      | Killed a boulder beetle
  8161 | D:9      | Noticed a seven-headed hydra
  8343 | D:9      | Found a staircase to the Lair.
  8347 | D:9      | Noticed an elephant
  8479 | D:9      | Reached XP level 11. HP: 61/61 MP: 17/17
  8536 | D:9      | Reached skill level 10 in Earth Magic
  8558 | D:9      | Reached skill level 1 in Fighting
  8702 | D:9      | Killed a seven-headed hydra
  8928 | D:9      | Reached skill level 11 in Transmutations
  9065 | D:9      | Noticed a great orb of eyes
  9065 | D:9      | Noticed a yaktaur captain
  9065 | D:9      | Noticed an orc knight
  9065 | D:9      | Noticed a boulder beetle
  9094 | D:10     | Entered Level 10 of the Dungeon
  9176 | D:10     | Noticed a two-headed ogre
  9195 | D:10     | Killed a two-headed ogre
  9282 | D:10     | Identified the +7 scimitar "Boqun" {vorpal, Contam Dex+4
                  | SInv Stlth+}
  9527 | D:11     | Noticed a manticore
  9543 | D:11     | Killed a manticore
  9544 | D:11     | Found a gate leading to a gauntlet.
  9553 | Gauntlet | Entered a Gauntlet
  9553 | Gauntlet | Found a transporter.
  9574 | Gauntlet | Found a transporter.
  9576 | Gauntlet | Found a transporter.
  9577 | Gauntlet | Found a transporter.
  9585 | Gauntlet | Found a transporter.
  9585 | Gauntlet | Noticed a sixfirhy
  9588 | Gauntlet | Found a transporter.
  9589 | Gauntlet | Found a transporter.
  9597 | Gauntlet | Found a transporter.
  9600 | Gauntlet | Found a transporter.
  9601 | Gauntlet | Found a transporter.
  9612 | Gauntlet | Found a transporter.
  9613 | Gauntlet | Found a transporter.
  9613 | Gauntlet | Noticed a reaper
  9621 | Gauntlet | Found a transporter.
  9648 | Gauntlet | Found a transporter.
  9759 | Gauntlet | Noticed a fire crab
  9759 | Gauntlet | Noticed a harpy
  9759 | Gauntlet | a fire crab changed into a harpy
  9762 | Gauntlet | a harpy changed into a jumping spider
  9818 | Gauntlet | Noticed a salamander
  9818 | Gauntlet | a queen bee changed into a salamander
  9971 | Gauntlet | Noticed a manticore
  9976 | Gauntlet | a manticore changed into a komodo dragon
  9987 | Gauntlet | Noticed a sea snake
  9987 | Gauntlet | a dream sheep changed into a sea snake
 10026 | D:11     | Noticed a two-headed ogre
 10039 | D:11     | Killed a two-headed ogre
 10249 | D:11     | Noticed a two-headed ogre
 10262 | D:11     | Killed a two-headed ogre
 10263 | D:11     | Reached skill level 12 in Transmutations
 10461 | D:11     | Reached skill level 1 in Unarmed Combat
 10647 | D:11     | Found a staircase to the Orcish Mines.
 10924 | D:11     | Found a shimmering blue altar of Sif Muna.
 11116 | D:12     | Noticed a boulder beetle
 11133 | D:12     | Killed a boulder beetle
 11134 | D:12     | Reached XP level 12. HP: 74/74 MP: 18/18
 11261 | Lair:1   | Entered Level 1 of the Lair of Beasts
 11391 | Lair:1   | Reached skill level 1 in Evocations
 12205 | Lair:1   | Reached skill level 5 in Dodging
 12345 | Lair:1   | Reached skill level 5 in Summonings
 12889 | Lair:1   | Reached skill level 5 in Fighting
 13034 | Lair:1   | Noticed a four-headed hydra
 13057 | Lair:1   | Killed a four-headed hydra
 13355 | Lair:2   | Noticed Harold
 13382 | Lair:2   | Killed Harold
 13854 | Lair:2   | Noticed a catoblepas
 13874 | Lair:2   | Killed a catoblepas
 13875 | Lair:2   | Reached skill level 13 in Transmutations
 14414 | Lair:3   | Reached XP level 13. HP: 83/83 MP: 19/19
 14432 | Lair:3   | Noticed Fannar
 14485 | Lair:3   | Found a staircase to the Shoals.
 14507 | Lair:3   | Killed Fannar
 15176 | Lair:4   | Reached skill level 14 in Transmutations
 15209 | Lair:4   | Reached skill level 5 in Spellcasting
 15806 | Lair:5   | Found a viscous altar of Jiyva.
 15806 | Lair:5   | Found a staircase to the Slime Pits.
 16278 | Lair:4   | Reached skill level 10 in Stealth
 16350 | Lair:4   | Found a hole to the Spider Nest.
 16422 | Lair:4   | Reached skill level 5 in Translocations
 16534 | Lair:4   | Found a transporter.
 16534 | Lair:4   | Found a transporter.
 17732 | Lair:6   | Entered Level 6 of the Lair of Beasts
 17880 | Lair:6   | Bought the ring "Lienuoho" {rF+ Will++ Int+3 Slay+5} for
                  | 880 gold pieces
 17880 | Lair:6   | Bought a potion of heal wounds for 65 gold pieces
 18343 | Orc:1    | Entered Level 1 of the Orcish Mines
 18343 | Orc:1    | You fall into a shaft and drop 1 floor!
 18343 | Orc:2    | Entered Level 2 of the Orcish Mines
 18405 | Orc:2    | Noticed Josephine
 19367 | Orc:2    | Found a staircase to the Elven Halls.
 19624 | Orc:2    | Found Kutussunn's Book Emporium.
 19701 | Orc:2    | Noticed Saint Roka
 20209 | Orc:2    | Killed Saint Roka
 20210 | Orc:2    | Reached XP level 14. HP: 27/90 MP: 17/24
 20586 | Orc:2    | Found Legygox's Antique Weapon Shop.
 20588 | Orc:2    | Found Gykied's Antique Armour Boutique.
 20943 | Orc:2    | Killed Josephine
 21078 | Orc:2    | Found Wuolueha's Magic Scroll Shoppe.
 21087 | Orc:2    | Bought a scroll of summoning for 142 gold pieces
 21087 | Orc:2    | Bought a scroll of holy word for 112 gold pieces
 21101 | Orc:2    | Identified a scroll of acquirement
 21101 | Orc:2    | Acquired the +2 hood of the Assassin {Detection Stab+
                  | Stlth++}
 21101 | Orc:2    | Found the +2 hood of the Assassin {Detection Stab+ Stlth++}
 21594 | Orc:2    | Bought a glowing orb for 372 gold pieces
 22739 | Lair:6   | Bought a potion of degeneration for 15 gold pieces
 23469 | Lair:6   | Noticed a dire elephant
 23469 | Lair:6   | Noticed a dire elephant
 23470 | Lair:6   | Noticed a dire elephant
 23470 | Lair:6   | Noticed a dire elephant
 23484 | Lair:6   | Killed a dire elephant
 23617 | Lair:6   | Reached skill level 15 in Transmutations
 24057 | Lair:6   | Killed a dire elephant
 24088 | Lair:6   | Killed a dire elephant
 24154 | Lair:6   | Killed a dire elephant
 24304 | Lair:6   | Identified the +8 spear of Ash {antimagic, rCorr}
 24416 | Lair:6   | Bought a ring of see invisible for 240 gold pieces
 24791 | D:12     | Reached skill level 16 in Transmutations
 24827 | D:12     | Reached skill level 1 in Conjurations
 24955 | D:12     | Reached XP level 15. HP: 94/94 MP: 27/27
 26161 | D:14     | Identified the +9 rapier "Ypagea" {pain, +Blink rPois}
 26425 | D:14     | Learned a level 3 spell: Mephitic Cloud
 26444 | D:15     | Entered Level 15 of the Dungeon
 26549 | D:15     | Reached skill level 1 in Poison Magic
 26681 | D:15     | Found Ihaxuz's Assorted Antiques.
 26685 | D:15     | Bought a thin beryl amulet for 165 gold pieces
 26685 | D:15     | Bought a scroll of identify for 66 gold pieces
 26779 | D:15     | Learned a level 3 spell: Ignite Poison
 26969 | D:15     | Noticed Jorgrun
 26979 | D:15     | Killed Jorgrun
 26980 | D:15     | Reached skill level 1 in Necromancy
 26980 | D:15     | Reached skill level 1 in Fire Magic
 27064 | D:15     | Found a staircase to the Depths.
 27239 | D:15     | Found Vesir's General Store.
 27739 | D:14     | Found an ornate altar of the Wu Jian Council.
 28012 | Depths:1 | Entered Level 1 of the Depths
 28027 | Depths:1 | Found a flickering gateway to a bazaar.
 28034 | Bazaar   | Entered a bazaar
 28035 | Bazaar   | Found Hustreir's Assorted Antiques.
 28044 | Bazaar   | Found Wadat's Magic Scroll Shoppe.
 28072 | Bazaar   | Found Vijaqeg's Antique Weapon Shop.
 28079 | Bazaar   | Found Myxtiud's Magic Scroll Shoppe.
 28141 | Bazaar   | Bought a scroll of fog for 28 gold pieces
 28141 | Bazaar   | Bought a scroll of blinking for 105 gold pieces
 28141 | Bazaar   | Bought a scroll of amnesia for 49 gold pieces
 28163 | Bazaar   | Bought a scroll of fear for 38 gold pieces
 28182 | Bazaar   | Bought a scroll of summoning for 133 gold pieces
 28189 | Bazaar   | Bought a potion of heal wounds for 175 gold pieces
 28189 | Bazaar   | Bought a potion of heal wounds for 175 gold pieces
 28237 | Depths:1 | Noticed a fire giant
 28250 | Depths:1 | Killed a fire giant
 28323 | Depths:1 | Noticed a balrug
 28345 | Depths:1 | Found a one-way gate to the infinite horrors of the Abyss.
 28366 | D:15     | Learned a level 1 spell: Apportation
 28619 | Spider:1 | Entered Level 1 of the Spider Nest
 28785 | Spider:1 | HP: 1/94 [meliai/+0 broad axe (6)]
 28787 | Spider:1 | Slain by a meliai

Illustrated notes

Levels and vault maps discovered:
D:1:      minmay_arrival_glassed_features, layout_basic,
          hellmonk_ecumenical_altar_run_dry
D:2:      layout_rooms, uniq_robin, uniq_crazy_yiuf_cottage
D:3:      layout_basic, grunt_gozag_statues, supply_closet_lemuel, minivault_5
D:4:      layout_loops_cross, tgw_fedhas, minitemple, serial_shops, shop
D:5:      layout_loops_ring, due_unseen_surprise
D:6:      layout_basic, uniq_eustachio, uniq_sigmund
D:7:      layout_gridville, mainiacjoe_overflow_tiny_flanked,
          minmay_temple_entry_poolview, kennysheep_nondescript
D:8:      layout_basic, serial_shops, nicolae_shop_behind_doors,
          mumra_transporter_accident
D:9:      minmay_sliced_demisemicircle, layout_basic, david_lair_generic,
          serial_aquarium, aquarium_bridge_straight [aquarium_subvault_bridge,
          aquarium_subvault_wall, aquarium_subvault_bridge,
          aquarium_subvault_wall], aquarium_window_2, aquarium_window_corner,
          aquarium_view_2f, aquarium_view_2e
D:10:     layout_rooms
D:11:     layout_basic, erik_orc_3, gauntlet_entry_generic, led_sif_pool
D:12:     layout_long_grid, nrook_mini_vaults
D:13:     hellmonk_crumbling_castle, layout_rooms, david_vaults_2, uniq_erolcha
D:14:     layout_roguey, pdpol_wu_jian_five_deadly_venoms
D:15:     hangedman_depths_entry_try_elsewhere_first, layout_long_grid,
          minivault_11, serial_shops, nicolae_square_shop, nicolae_shop_trees,
          uniq_jorgrun
Lair:1:   layout_hall_layers, nicolae_lair_lindhole
Lair:2:   layout_small_grid, serial_bayou_shore_a, uniq_harold
Lair:3:   layout_hall_layers, elwin_shoals_entry_rocks, uniq_fannar
Lair:4:   gammafunk_boulding_lane, layout_loops_ring,
          nicolae_spider_entry_non_spiders
Lair:5:   layout_cave_pods, slime_altar_1, st_stairs_10,
          chequers_serial_rivers_small_a, beast_lair_carwin_3,
          lemuel_fruit_fields
Lair:6:   due_jungle_book, layout_regular_city
Spider:1: spiders_nest_a
Orc:1:    layout_caves, nicolae_orc_tapped_out
Orc:2:    grunt_orc_community_town_hall, layout_caves,
          grunt_orc_community_big_house_1, grunt_orc_community_big_house_2,
          grunt_orc_community_house_3, grunt_orc_community_house_1,
          grunt_orc_community_house_3, grunt_orc_community_house_1,
          uniq_josephine
Depths:1: layout_roguey, abyss_entry, elyvilon_altar_4, serial_shops,
          bzr_entry_water, gammafunk_ghost_necromancy, hellmouth_1,
          kennysheep_generic_room_15, kennysheep_random_hallway

Skill      XL: |  1  2  3  4  5  6  7  8  9 10 11 12 13 14 15 |
---------------+----------------------------------------------+-----
Stealth        | 3 4 5 6 8 10 | 10.8
Short Blades   | 1 2 3 4 |  4.8
Translocations | 1 2 4 6 |  6.0
Earth Magic    | 4 5 6 8 9 10 | 10.0
Transmutations | 3 4 5 6 9 10 12 13 14 16 | 16.0
Spellcasting   | 4 6 8 |  8.7
Summonings     | 2 4 6 8 |  8.0
Dodging        | 4 6 7 8 |  8.0
Fighting       | 4 6 |  6.0
Unarmed Combat | 2 3 |  3.5
Evocations     | 2 3 |  3.7
Conjurations   | 1 4 |  4.0
Poison Magic   | 4 |  4.0
Necromancy     | 2 |  2.0
Fire Magic     | 4 |  4.0

Action                   |  1- 3 |  4- 6 |  7- 9 | 10-12 | 13-15 || total
-------------------------+-------+-------+-------+-------+-------++-------
Melee: Unarmed           |     9 |       |       |       |       ||     9
       Tentacles         |    11 |    27 |    37 |    76 |   125 ||   276
       Constrict         |    13 |    28 |    17 |    24 |    72 ||   154
       Dagger            |    36 |   116 |   119 |   199 |   205 ||   675
       Punch             |       |     2 |       |     6 |    19 ||    27
       Rapier            |       |       |       |       |   255 ||   255
Throw: Boomerang         |       |     2 |     3 |       |       ||     5
       Dart              |       |       |     4 |     8 |    34 ||    46
 Cast: Sandblast         |    26 |    35 |    44 |    68 |   135 ||   308
       Passwall          |     2 |     5 |    13 |    15 |    33 ||    68
       Petrify           |       |       |    17 |    92 |   179 ||   288
       Call Canine Famil |       |       |     1 |    40 |    89 ||   130
       Mephitic Cloud    |       |       |       |       |    15 ||    15
       Apportation       |       |       |       |       |     3 ||     3
       Ignite Poison     |       |       |       |       |     3 ||     3
Invok: Call Merchant     |       |       |       |       |     3 ||     3
Evoke: Wand              |       |       |       |     2 |    16 ||    18
       Condenser vane    |       |       |       |       |     2 ||     2
  Use: Scroll            |       |       |    10 |     9 |    19 ||    38
       Potion            |       |       |       |       |    10 ||    10
 Stab: Sleeping          |     9 |    17 |    11 |    11 |    36 ||    84
       Petrified         |       |       |    49 |   138 |   223 ||   410
       Petrifying        |       |       |     1 |     3 |    11 ||    15
       Distracted        |       |       |       |       |     4 ||     4
Armor: Skin              |     2 |     2 |     8 |     7 |    77 ||    96
Dodge: Dodged            |    28 |    51 |    65 |    84 |   221 ||   449
Block: Buckler           |       |       |       |       |    29 ||    29
